 Dungeon Crawl Stone Soup version 0.31-a0-188-g5e087ee2ca (webtiles) character file.

Game seed: 3828090106025367360

23 qw the Shooter (level 2, 0/16 HPs)
             Began as a Deep Elf Hunter on June 23, 2023.
             Slain by a kobold
             ... wielding a +0 short sword
              (2 damage)
             ... on level 1 of the Dungeon.
             The game lasted 00:00:07 (176 turns).

qw the Shooter (Deep Elf Hunter)                     Turns: 176, Time: 00:00:07

Health: 0/16       AC:  3    Str:  8    XL:     2   Next: 75%
Magic:  4/4        EV: 12    Int: 13    God:
Gold:   31         SH:  0    Dex: 18    Spells: 1/1 levels left

rFire   . . .        a - +0 shortbow
rCold   . . .        (shield currently unavailable)
rNeg    . . .        c - +0 leather armour
rPois   .            (no helmet)
rElec   .            (no cloak)
rCorr   .            (no gloves)
SInv    .            (no boots)
Will    .....        (no amulet)
Stlth   ++           (no ring)
HPRegen 0.22/turn    (no ring)
MPRegen 0.09/turn

%: no passive effects
@: no status effects
A: no striking features
a: no special abilities


You were on level 1 of the Dungeon.
You visited 1 branch of the dungeon, and saw 1 of its levels.

You collected 31 gold pieces.


   Skills:
 - Level 1.5 Fighting
 + Level 6.5 Ranged Weapons
 - Level 2.4 Dodging
 - Level 1.2 Stealth


You had one spell level left.
You didn't know any spells.
Your spell library was empty.

Inventory:

Hand Weapons
 a - a +0 shortbow (weapon)
Armour
 c - a +0 leather armour (worn)
 f - a +2 scale mail of positive energy
Scrolls
 b - a scroll of butterflies
 d - a scroll of identify {unknown}
Potions
 e - a potion of might {unknown}

Dungeon Overview and Level Annotations

Branches:
Dungeon (1/15)

Altars:


Message History

The gnoll shouts!
The arrow hits the goblin.
The goblin is heavily wounded.
You hear a shout! x2
A bat comes into view.
The bat moves out of view.
You shoot an arrow. The arrow hits the goblin!
You kill the goblin!
A kobold comes into view. It is wielding a +0 short sword.
You shoot an arrow. The arrow barely misses the gnoll.
A goblin comes into view. It is wielding a +2 dagger of pain.
You shoot an arrow. The arrow hits the gnoll.
The gnoll is moderately wounded.
A goblin comes into view. It is wielding a +0 club.
You shoot an arrow. The arrow barely misses the gnoll.
The goblin shouts!
The arrow hits the goblin but does no damage.
You shoot an arrow. The arrow closely misses the gnoll.
The arrow barely misses the goblin.
A rat comes into view.
You shoot an arrow. The arrow barely misses the gnoll.
The arrow closely misses the kobold.
The arrow barely misses the goblin.
The gnoll hits you with a +0 club. The gnoll misses you.
You shoot an arrow. The arrow hits the gnoll!
The gnoll is severely wounded.
The bat closely misses you.
The kobold hits you with a +0 short sword.
The gnoll hits you with a +0 club.
You shoot an arrow. The arrow hits the gnoll.
You kill the gnoll!
The bat hits you. The goblin barely misses you.
The kobold hits you with a +0 short sword.
You shoot an arrow. The arrow barely misses the kobold.
The bat barely misses you.
A rat comes into view.
The kobold hits you with a +0 short sword.
You shoot an arrow. The arrow closely misses the kobold.
The bat barely misses you. The goblin hits you but does no damage.
The kobold hits you with a +0 short sword.
You die...

.......... ..
.#......#######......
.r. .............#......
...##...$........#......
.................##.....
.........##.............
......... #...........##
......rg###...........##
....)bg@..............##
......K.................
........................
...................#####
.......#......#....#....
.##..................##.
".#.......##...........
####.#..................
.....#.....##...........


You could see 2 goblins, a bat, a kobold and 2 rats.

Vanquished Creatures
  A gnoll (D:1)
  3 goblins (D:1)
  2 kobolds (D:1)
  A quokka (D:1)
  4 bats (D:1)
  A frilled lizard (D:1)
  A rat (D:1)
13 creatures vanquished.

Notes
Turn   | Place    | Note
-------+----------+-------------------------------------------
     0 | D:1      | qw the Deep Elf Hunter began the quest for the Orb.
     0 | D:1      | Reached XP level 1. HP: 12/12 MP: 3/3
     0 | D:1      | 0 ||| qw: Version: 0.3-a-9-g12657ce
     0 | D:1      | 0 ||| qw: Game counter: 3756
     0 | D:1      | 0 ||| qw: Always use a shield: true
     0 | D:1      | 0 ||| qw: God list: Okawaru
     0 | D:1      | 0 ||| qw: Allow faded altars: false
     0 | D:1      | 0 ||| qw: Do Orc after D:15 true
     0 | D:1      | 0 ||| qw: Do second Lair branch before Depths: true
     0 | D:1      | 0 ||| qw: Lair rune preference: random
     0 | D:1      | 0 ||| qw: Plans: Normal
     0 | D:1      | 0 ||| PLANNING D:1-11
    68 | D:1      | Reached skill level 6 in Ranged Weapons
    68 | D:1      | Reached XP level 2. HP: 14/16 MP: 4/4
   175 | D:1      | HP: 2/16 [kobold/+0 short sword (4)]
   176 | D:1      | Slain by a kobold

Levels and vault maps discovered:
D:1:      co_arrival_square_in_a_square_in_a_square, layout_basic

Skill      XL: |  1 |
---------------+----+-----
Ranged Weapons | 6 |  6.5
Fighting       | |  1.5
Dodging        | |  2.4
Stealth        | |  1.2

Action                     || total
---------------------------++-------
   Fire: Shortbow          ||    35
 Armour: Leather armour    ||     1
  Dodge: Dodged            ||     8

Table legend:
 A = Non-vault XP
 B = Vault XP
 C = Vault XP percentage of total XP
 D = Non-vault monster count
 E = Vault monster count
 F = Vault count percentage of total count
                 A         B        C        D         E       F
            +---------+---------+-------+---------+---------+-------
      Total |      34 |       0 |   0.0 |      13 |       0 |   0.0
            +---------+---------+-------+---------+---------+-------
        D:1 |      34 |       0 |   0.0 |      13 |       0 |   0.0
            +---------+---------+-------+---------+---------+-------
